 Dungeon Crawl Stone Soup version 0.18-a0-1121-gb454403 (webtiles) character file.

58 tof the Covered (level 3, -2/34 HPs)
             Began as a Minotaur Fighter on Jan 18, 2016.
             Slain by Sigmund
             ... wielding a +0 scythe
              (6 damage)
             ... on level 2 of the Dungeon.
             The game lasted 00:04:31 (1199 turns).

tof the Covered (Minotaur Fighter)                  Turns: 1199, Time: 00:04:31

Health: -2/34      AC:  9    Str: 20    XL:     3   Next: 76%
Magic:  2/2        EV:  7    Int:  5    God:
Gold:   44         SH:  9    Dex: 10    Spells: 0 memorised, 2 levels left

rFire  . . .     SeeInvis .     n - +0 whip (drain)
rCold  . . .     Gourm    .     b - +0 scale mail
rNeg   . . .     Faith    .     c - +0 shield
rPois  .         Spirit   .     i - +1 hat
rElec  .         Dismiss  .     m - +0 cloak
rCorr  .         Reflect  .     (no gloves)
SustAt .         Harm     .     (no boots)
MR     .....     Rnd*Tele +     (no amulet)
Stlth  ..........               (no ring)
                                e - ring of teleportation (curse)

@: drained, not resistant to hostile enchantments, extremely unstealthy
A: retaliatory headbutt, horns 2
a: no special abilities


You were on level 2 of the Dungeon.
You were not hungry.

You visited 1 branch of the dungeon, and saw 2 of its levels.

You collected 44 gold pieces.

Inventory:

Hand Weapons
 a - a +0 flail
 n - a +0 whip of draining (weapon)
Armour
 b - a +0 scale mail (worn)
 c - a +0 shield (worn)
 i - a +1 hat (worn)
 m - a +0 cloak (worn)
Jewellery
 e - a cursed ring of teleportation (left hand)
 l - an uncursed ring of see invisible {unknown}
Scrolls
 k - a scroll of remove curse {unknown}
Potions
 d - 2 potions of might
 h - 2 potions of curing {unknown}
Comestibles
 f - 3 bread rations
 g - 2 fruits


   Skills:
 * Level 4.4(3.7) Fighting
 * Level 3.4(2.7) Maces & Flails
 * Level 4.4(3.8) Armour
 - Level 3.6(2.9) Shields


You had 2 spell levels left.
You didn't know any spells.

Dungeon Overview and Level Annotations

Branches:
Dungeon (2/15)

Altars:
Nemelex Xobeh
Sif Muna

Annotations:
D:2 Sigmund


Innate Abilities, Weirdness & Mutations

You reflexively headbutt those who attack you in melee.
You have a pair of horns on your head.


Message History

You hit something.
You hear some strange, mumbled words.
A puff of flame appears from out of thin air!
The puff of flame hits you!
You miss something. Something hits you.
You closely miss something. You headbutt something.
You hear some strange, mumbled words.
Something tries to affect you, but you resist.
You barely miss something. Something hits you but does no damage.
You hit something. You closely miss something.
Something hits you but does no damage.
You closely miss something. Something hits you.
You hit something. You hit something. Something hits you!
* * * LOW HITPOINT WARNING * * *
You closely miss something. Something hits you.
* * * LOW HITPOINT WARNING * * *
You miss something. Your headbutt misses something. Something hits you.
You die...

#...........##...##.
#.(....(...##.....##
#........((#.......#
###........).#..._...#
#####............# #
.................# #
...........(...... #.
.....##(###...#####
#). .......(.@.{###
....
..#.....<#........
....
...(..####........
.... #..... #........
..#... ......... # #..
#........ ...
#........ ...
#........


There were no monsters in sight!

Vanquished Creatures
  Robin (D:1)
  A worm (D:2)
  A giant gecko (D:2)
  2 ball pythons
  3 giant cockroaches
  8 hobgoblins
  2 quokkas (D:1)
  5 bats
  2 giant newts (D:1)
  8 goblins
  4 kobolds
  3 rats (D:1)
40 creatures vanquished.

Notes
Turn   | Place    | Note
--------------------------------------------------------------
     0 | D:1      | tof the Minotaur Fighter began the quest for the Orb.
     0 | D:1      | Reached XP level 1. HP: 19/19 MP: 0/0
   312 | D:1      | Reached XP level 2. HP: 25/27 MP: 1/1
   420 | D:1      | Reached skill level 4 in Armour
   757 | D:2      | Found a sparkling altar of Nemelex Xobeh.
   760 | D:2      | Found a deep blue altar of Sif Muna.
   762 | D:2      | Noticed Robin
   805 | D:2      | Reached XP level 3. HP: 22/33 MP: 2/2
   862 | D:1      | Killed Robin
  1137 | D:2      | Noticed Sigmund
  1199 | D:2      | Slain by Sigmund

Vault maps used:
D:1:      minmay_arrival_cross
D:2:      nemelex_xobeh_ov_fountains_minmay, lemuel_round_altar, first_bread,
          gammafunk_pakellas_cloud_experiment, uniq_sigmund, uniq_robin

Action                   || total
-------------------------++-------
Melee: Flail             ||   110
       Whip              ||    13
  Eat: Chunk             ||     1
